 Dungeon Crawl Stone Soup version 0.29.0-11-gd7f09526c8 (webtiles) character file.

Game seed: 17071319491229813419

4862 leavemydog the Destroyer (level 10, 0/50 HPs)
             Began as a Deep Elf Conjurer on Sept 4, 2022.
             Was a Believer of Vehumet.
             Slain by a hornet (13 damage)
             ... while paralysed by a hornet
             ... on level 8 of the Dungeon.
             The game lasted 00:17:06 (7061 turns).

leavemydog the Destroyer (Deep Elf Conjurer)        Turns: 7061, Time: 00:17:06

Health: 0/50       AC:  7    Str:  2    XL:     10   Next: 26%
Magic:  32/35      EV:  2    Int: 28    God:    Vehumet [**....]
Gold:   396        SH:  0    Dex: 13    Spells: 19/30 levels left

rFire   + . .      SeeInvis +   r - +8 sling "Puexaxza" {vorpal, rC++ MP+9 Str-2}
rCold   + + .      Faith    .   (no shield)
rNeg    . . .      Spirit   .   F - +0 acid dragon scales
rPois   .          Reflect  .   (no helmet)
rElec   +          Harm     .   s - +0 cloak
rCorr   +          Rampage  .   (no gloves)
Will    ++...                   (no boots)
Stlth   ++........              i - amulet "Xesmalel" {rElec Will+ Regen+ Slay+2}
HPRegen 0.96/turn               E - ring of protection from fire
MPRegen 0.24/turn               J - ring of flight

@: paralysed, lethally poisoned (0 -> -1), flying, slowed, studying Evocations
A: see invisible
a: Renounce Religion


You were on level 8 of the Dungeon.
You worshipped Vehumet.
Vehumet was pleased with you.
You visited 2 branches of the dungeon, and saw 9 of its levels.
You also visited: Sewer.

You collected 438 gold pieces.
You spent 42 gold pieces at shops.

Inventory:

Hand Weapons
 r - the +8 sling "Puexaxza" (weapon) {vorpal, rC++ MP+9 Str-2}
   (You found it on level 3 of the Dungeon)

   Any ammunition fired from it inflicts extra damage upon your enemies.
   Str:       It affects your strength (-2).
   rC:        It greatly protects you from cold.
   MP:        It affects your magic capacity (+9).
 t - the +9 falchion of the Tortured God {freeze, Contam rN+ Str+4}
   (You found it in a sewer)

   It freezes those it strikes, dealing additional cold damage.
   It can also slow down cold-blooded creatures.
   Str:       It affects your strength (+4).
   rN:        It protects you from negative energy.
   Contam:    It causes magical contamination when unequipped.
 D - a +3 dagger of electrocution
Armour
 s - a +0 cloak (worn)
 F - +0 acid dragon scales (worn)
Jewellery
 a - an amulet of magic regeneration
 i - the amulet "Xesmalel" (around neck) {rElec Will+ Regen+ Slay+2}
   (You found it on level 2 of the Dungeon)

   [amulet of regeneration]

   Slay:      It affects your accuracy & damage with ranged weapons and melee
   (+2).
   rElec:     It insulates you from electricity.
   Regen:     It increases your rate of health regeneration.
   Will:      It increases your willpower.
 C - an amulet of reflection
 E - a ring of protection from fire (left hand)
 J - a ring of flight (right hand)
Wands
 y - a wand of flame (10)
 z - a wand of paralysis (22)
Scrolls
 e - 5 scrolls of magic mapping
 f - a scroll of poison {unknown}
 g - 4 scrolls of immolation {unknown}
 h - a scroll of silence {unknown}
 j - a scroll of amnesia {unknown}
 l - 2 scrolls of torment {unknown}
 m - 2 scrolls of noise
 o - a scroll of blinking
 p - a scroll of enchant weapon {unknown}
 v - a scroll of butterflies {unknown}
 x - 2 scrolls of teleportation {unknown}
 A - a scroll of brand weapon {unknown}
 H - 2 scrolls of identify
 I - a scroll of enchant armour {unknown}
Potions
 b - a potion of magic
 c - 2 potions of might
 d - 3 potions of brilliance
 k - 2 potions of attraction
 n - 2 potions of resistance {unknown}
 q - 3 potions of degeneration {unknown}
 u - 2 potions of curing {unknown}
 w - a potion of lignification {unknown}
 B - a potion of heal wounds {unknown}
 G - a potion of haste {unknown}


   Skills:
 - Level 8.0 Ranged Weapons
 - Level 2.4 Dodging
 - Level 2.4 Stealth
 + Level 10.6 Spellcasting
 + Level 10.6 Conjurations
 * Level 2.4 Hexes
 * Level 7.6 Translocations


You had 19 spell levels left.
You knew the following spells:

 Your Spells              Type           Power      Damage    Failure   Level
a - Magic Dart            Conj           100%       1d8       1%          1
b - Searing Ray           Conj           100%       2d8       1%          2
c - Iskenderun's Mystic   Conj/Tloc      60%        2d13      3%          4
d - Fulminant Prism       Conj/Hex       25%        3d14      10%         4

Your spell library contained the following spells:

 Spells                   Type           Power      Damage    Failure   Level
 Foxfire                  Conj/Fire      100%       2x1d9     1%          1
 Apportation              Tloc           100%       N/A       1%          1
 Gell's Gravitas          Tloc           55%        N/A       1%          3
 Lesser Beckoning         Tloc           55%        N/A       1%          3
 Teleport Other           Tloc           55%        N/A       1%          3
 Static Discharge         Conj/Air       44%        3-9/arc   2%          2
 Dazzling Flash           Conj/Hex       100%       N/A       2%          3
 Conjure Flame            Conj/Fire      44%        6-21      4%          3
 Portal Projectile        Hex/Tloc       86%        N/A       5%          3
 Necrotise                Necr           56%        1d6       14%         1
 Summon Small Mammal      Summ           56%        N/A       14%         1
 Sticky Flame             Conj/Fire      44%        2d6       16%         4
 Sublimation of Blood     Necr           14%        N/A       22%         2
 Wereblood                Tmut           14%        N/A       22%         2
 Call Canine Familiar     Summ           14%        N/A       38%         3
 Ignite Poison            Fire/Tmut/Pois 14%        N/A       38%         3
 Leda's Liquefaction      Hex/Erth       10%        N/A       63%         4
 Summon Forest            Summ/Tloc      18%        N/A       63%         5
 Eringya's Noxious Bog    Tmut/Pois      7%         N/A       100%        6
 Summon Hydra             Summ           7%         N/A       100%        7


Dungeon Overview and Level Annotations

Branches:
Dungeon (8/15)             Temple (1/1) D:5           Sewer (visited)
   Lair: D:8-11

Altars:
Ashenzari
Cheibriados
Dithmenos
Elyvilon
Fedhas
Gozag
Hepliaklqana
Kikubaaqudgha
Makhleb
Nemelex Xobeh
Okawaru
Qazlal
Ru
Sif Muna
Trog
Uskayaw
Vehumet
Wu Jian
Yredelemnul
Zin
The Shining One

Shops:
D:2 [?=


Innate Abilities, Weirdness & Mutations

You have supernaturally acute eyesight. (SInv)


Message History

The cyclops throws a large rock.
The large rock barely misses you.
You shoot a sling bullet. The sling bullet hits the cyclops.
You kill the cyclops!
Vehumet accepts your kill.
Your Hexes skill increases to level 2!
You see here a +0 vampiric dagger.
You pick up another manual of Evocations and continue studying.
z - a wand of paralysis (22) (gained 11 charges)
n - 2 fuming purple potions (gained 1)
A hornet comes into view.
The hornet moves out of view.
Found an escape hatch in the floor.
H - 2 scrolls of identify (gained 1)
You shoot a sling bullet.
The sling bullet barely misses the hornet.
The hornet buzzes angrily.
Casting: Searing Ray (safe; 1% risk of failure)
Confirm with . or Enter, or press ? or * to list all spells.
Aiming: Searing Ray (safe; 1% risk of failure)
Press: ? - help, Shift-Dir - straight line, f/p - hornet
Aim: a hornet (74% to hit)
The searing ray hits the hornet.
The hornet is lightly wounded. (Press . to maintain the ray.)
The hornet stings you but does no damage.
The searing ray hits the hornet!
The hornet is heavily wounded.
The hornet stings you!
You feel yourself slow down.
The searing ray hits the hornet.
The hornet is severely wounded.
You feel yourself speed up. The hornet stings you!
You feel yourself slow down. The hornet stings you.
You are poisoned.
You feel as though you will be slow longer.
The hornet stings you.
You suddenly lose the ability to move!
You feel sick. The hornet stings you!
* * * LOW HITPOINT WARNING * * *
You feel as though you will be slow longer.
You feel sick. The hornet stings you!
You die...

# #####.####. #.#
#..@y.....> #.#
#.###..#### #.#
#.### #.######.##
#.# .###.. ....#
#.# #.#.# # #..#
#.#####.###).#
#..####
#.......(....####
#......
######..........#
#.#####
######..###.###.##
#.#


You could see a hornet.

Vanquished Creatures
  Pikel (D:7)
  A cyclops (D:8)
  Maggie (D:6)
  2 wyverns
  Eustachio (D:6)
  A steam dragon (D:7)
  A vampire mosquito (D:5)
  2 water moccasins
  2 sky beasts
  3 black bears (D:6)
  An orc warrior (D:5)
  2 ogres
  A lemure (D:7)
  2 centaurs (D:8)
  The ghost of raistware the Magician, an amateur OpCj (D:6)
  2 kobold brigands
  3 necrophages
  3 bullfrogs
  7 scorpions
  3 wights (D:6)
  3 howler monkeys
  Crazy Yiuf (D:6)
  A jelly (D:5)
  5 hounds
  An orc priest (D:5)
  Jessica (D:3)
  2 iguanas
  6 orc wizards
  3 gnolls (D:3)
  13 adders
  A river rat (D:3)
  A shadow imp (D:7)
  2 white imps
  5 worms
  A dart slug (D:4)
  20 orcs
  8 endoplasms
  9 giant cockroaches
  6 goblins
  4 hobgoblins
  4 jackals (D:2)
  12 quokkas
  10 ball pythons
  5 bats
  10 frilled lizards
  13 kobolds
  10 rats
197 creatures vanquished.

Vanquished Creatures (others)
  2 plants (D:5)
2 creatures vanquished.

Grand Total: 199 creatures vanquished

Notes
Turn   | Place    | Note
-------+----------+-------------------------------------------
     0 | D:1      | leavemydog the Deep Elf Conjurer began the quest for the
                  | Orb.
     0 | D:1      | Reached XP level 1. HP: 10/10 MP: 6/6
    16 | D:1      | Noticed a four-headed hydra
    16 | D:1      | Noticed a black mamba
    16 | D:1      | Noticed a wolf
    17 | D:1      | Noticed a scorpion
    17 | D:1      | Noticed a black bear
   271 | D:1      | Reached XP level 2. HP: 15/15 MP: 4/8
   277 | D:1      | Learned a level 2 spell: Searing Ray
   514 | D:1      | Reached skill level 5 in Conjurations
  1132 | D:2      | Reached XP level 3. HP: 19/19 MP: 6/9
  1280 | D:2      | Found Bickon's Jewellery Boutique.
  1471 | D:2      | Identified the amulet "Xesmalel" {rElec Will+ Regen+
                  | Slay+2}
  1508 | D:2      | Found Lurioxze's Magic Scroll Emporium.
  1522 | D:2      | Bought a scroll of identify for 28 gold pieces
  1522 | D:2      | Bought a scroll of noise for 14 gold pieces
  1674 | D:2      | Found Lakhlaw's Armour Emporium.
  1936 | D:3      | Identified the +1 robe of Xom's Reproof {Fly SInv}
  1956 | D:3      | Identified the +8 sling "Puexaxza" {vorpal, rC++ MP+9
                  | Str-2}
  2047 | D:3      | Gained mutation: You have supernaturally acute eyesight.
                  | (SInv) [potion of mutation]
  2050 | D:3      | Reached XP level 4. HP: 24/24 MP: 11/11
  2072 | D:3      | Found a glowing drain.
  2076 | Sewer    | Entered a sewer
  2264 | Sewer    | Noticed a bullfrog
  2265 | Sewer    | Noticed a bullfrog
  2267 | Sewer    | Killed a bullfrog
  2268 | Sewer    | Reached XP level 5. HP: 28/28 MP: 13/13
  2308 | Sewer    | Identified the +9 falchion of the Tortured God {freeze,
                  | Contam rN+ Str+4}
  2595 | D:3      | Reached skill level 5 in Spellcasting
  2603 | D:3      | Learned a level 4 spell: Iskenderun's Mystic Blast
  2616 | D:3      | HP: 1/28 [endoplasm (2)]
  2680 | D:3      | Reached XP level 6. HP: 32/32 MP: 15/15
  2871 | D:3      | Identified the +8 dagger of Offence {vorpal, Dex+2}
  3003 | D:3      | Noticed Jessica
  3004 | D:3      | Killed Jessica
  3005 | D:3      | Reached skill level 1 in Ranged Weapons
  3275 | D:4      | Reached skill level 1 in Translocations
  3329 | D:4      | Reached XP level 7. HP: 22/36 MP: 2/17
  3486 | D:4      | Noticed a wyvern
  3493 | D:4      | Killed a wyvern
  3494 | D:4      | Reached skill level 5 in Ranged Weapons
  3666 | D:4      | Identified the +3 ring mail of Good Intentions {Int+3}
  3948 | D:5      | Entered Level 5 of the Dungeon
  3975 | D:5      | Found a staircase to the Ecumenical Temple.
  3982 | Temple   | Entered the Ecumenical Temple
  4000 | Temple   | Became a worshipper of Vehumet
  4087 | D:5      | Reached XP level 8. HP: 41/41 MP: 19/19
  4331 | D:5      | Found a bloodstained altar of Trog.
  4357 | D:5      | Found a shimmering blue altar of Sif Muna.
  4361 | D:5      | Got Sif Muna's Guide on Attacks
  5278 | D:5      | Reached skill level 5 in Translocations
  5314 | D:6      | Reached * piety under Vehumet
  5314 | D:6      | Offered knowledge of Sandblast by Vehumet.
  5315 | D:6      | Reached XP level 9. HP: 45/45 MP: 22/22
  5393 | D:6      | Noticed raistware's ghost (amateur OpCj)
  5431 | D:6      | Found a runed translucent door.
  5549 | D:6      | Killed raistware's ghost
  5719 | D:6      | Noticed Maggie
  5720 | D:6      | Noticed Eustachio
  5728 | D:6      | Killed Maggie
  5735 | D:6      | Killed Eustachio
  6004 | D:6      | Found a runed translucent door.
  6005 | D:6      | Noticed Crazy Yiuf
  6013 | D:6      | Killed Crazy Yiuf
  6179 | D:7      | Reached skill level 10 in Conjurations
  6429 | D:7      | Noticed Pikel
  6444 | D:7      | Killed Pikel
  6445 | D:7      | Reached skill level 10 in Spellcasting
  6445 | D:7      | Reached XP level 10. HP: 15/50 MP: 16/26
  6486 | D:7      | Learned a level 4 spell: Fulminant Prism
  6703 | D:7      | Reached ** piety under Vehumet
  6709 | D:7      | Offered knowledge of Foxfire by Vehumet.
  6710 | D:7      | Reached skill level 1 in Hexes
  6995 | D:8      | Noticed a cyclops
  7000 | D:8      | Killed a cyclops
  7059 | D:8      | Paralysed by a hornet for 3 turns
  7061 | D:8      | Slain by a hornet

Illustrated notes

Levels and vault maps discovered:
D:1:      onia_arrival_zoo_common, layout_basic
D:2:      layout_loops_ring, serial_shops, nicolae_diamond_shop,
          nicolae_shop_crystal, nicolae_lakefront_shop
D:3:      layout_loops_cross, gup_sewer_entry_spiral, hangedman_decor_push,
          uniq_jessica
D:4:      layout_rooms
D:5:      minmay_diamond_boxcup, layout_basic,
          nzn_overflow_gifts_of_might_and_magic, minmay_temple_entry_arrows,
          serial_bayou_pond_a
D:6:      layout_rooms, hellmonk_ghost_happy_afterlife, minmay_manual_moon,
          uniq_crazy_yiuf_cottage, uniq_eustachio, uniq_maggie
D:7:      layout_basic, kennysheep_generic_room_8, uniq_pikel
D:8:      layout_loops_ring, chequers_serial_rivers_large_b,
          supply_closet_lemuel, minmay_manual_mares
Temple:   hellmonk_temple_of_storms

Skill      XL: |  1  2  3  4  5  6  7  8  9 10 |
---------------+-------------------------------+-----
Conjurations   | 5 6 7 8 10 | 10.6
Spellcasting   | 4 5 6 7 10 | 10.6
Ranged Weapons | 3 6 8 |  8.0
Translocations | 1 3 5 7 |  7.6
Hexes          | 2 |  2.4
Dodging        | |  2.4
Stealth        | |  2.4

Action                   |  1- 3 |  4- 6 |  7- 9 | 10-12 || total
-------------------------+-------+-------+-------+-------++-------
 Fire: Sling             |     9 |    84 |   180 |    19 ||   292
 Cast: Magic Dart        |    60 |       |       |       ||    60
       Searing Ray       |     2 |    15 |    31 |     4 ||    52
       Iskenderun's Myst |       |       |     5 |     1 ||     6
  Use: Scroll            |     3 |     1 |     2 |       ||     6
       Potion            |     1 |       |       |       ||     1
Armor: Robe              |     3 |     8 |    17 |       ||    28
       Acid dragon scale |       |       |     4 |     6 ||    10
Dodge: Dodged            |    11 |    26 |    38 |     9 ||    84
